 Dungeon Crawl Stone Soup version 0.18-a0-738-g888b110 (webtiles) character file.

49 Geomchi the Ruffian (level 3, -4/31 HPs)
             Began as a Ghoul Monk on Dec 11, 2015.
             Killed from afar by Ijyb (22 damage)
             ... with a wand of lightning
             ... on level 3 of the Dungeon.
             The game lasted 00:02:27 (2140 turns).

Geomchi the Ruffian (Ghoul Monk)                    Turns: 2140, Time: 00:02:27

Health: -4/31      AC:  5    Str: 14    XL:     3   Next: 77%
Magic:  2/2        EV: 11    Int:  5    God:
Gold:   80         SH:  0    Dex: 12    Spells: 0 memorised, 2 levels left

rFire  . . .     SeeInvis .       - Unarmed
rCold  + . .     Clarity  .     h - +0 ring mail
rNeg   + + +     SustAt   .     (no shield)
rPois  ∞         Gourm    .     (no helmet)
rElec  .         Spirit   .     (no cloak)
rCorr  .         Dismiss  .     (no gloves)
rMut   .         Stasis   .     (no boots)
MR     .....                    (no amulet)
Stlth  +.........               (no ring)
                                (no ring)

@: rotting, not resistant to hostile enchantments, very unstealthy
A: rotting body, claws 1, carnivore 3, cold resistance 1, negative energy
resistance 3, slow regeneration 1, torment resistance, unbreathing
a: no special abilities


You were on level 3 of the Dungeon.
You were not hungry.

You visited 1 branch of the dungeon, and saw 3 of its levels.

You collected 80 gold pieces.

Inventory:

Armour
 h - a +0 ring mail (worn)
Scrolls
 c - a scroll of magic mapping {unknown}
 e - a scroll of identify {unknown}
 f - a scroll of remove curse {unknown}
 k - a scroll of recharging {unknown}
Potions
 a - a potion of haste {unknown}
 d - a potion of curing
 g - a potion of heal wounds {unknown}
 i - a potion of might {unknown}
 j - a potion of poison {unknown}
Comestibles
 b - a meat ration {@e2}


   Skills:
 - Level 3.2 Fighting
 - Level 2.6 Dodging
 - Level 2.1 Stealth
 + Level 5.8 Unarmed Combat


You had 2 spell levels left.
You didn't know any spells.

Dungeon Overview and Level Annotations

Branches:
Dungeon (3/15)

Altars:

Annotations:
D:2 Sigmund
D:3 Ijyb


Innate Abilities, Weirdness & Mutations

Your body is rotting away.
You thrive on raw meat.
You are immune to poison.
You have sharp fingernails.
You are carnivorous and can eat meat at any time.
Your flesh is cold resistant.
You are immune to negative energy.
You regenerate slowly when monsters are visible.
You are immune to unholy pain and torment.
You can survive without breathing.


Message History

You scratch Ijyb. Ijyb hits you with a dagger.
You take 1 damage, and have 15/29 hp.
You closely miss Ijyb. Ijyb hits you but does no damage.
You scratch Ijyb. You scratch Ijyb.
Ijyb zaps a wand.
The bolt of lightning hits you!
* * * LOW HITPOINT WARNING * * *
You take 13 damage, and have 2/29 hp.
MASSIVE DAMAGE!!
You are too injured to fight recklessly!
You are too injured to fight recklessly!
You are too injured to fight recklessly!
You are too injured to fight recklessly!
Drink which item? (? for menu, Esc to quit)
It was a potion of curing.
You feel better. Ijyb completely misses you.
You regained 7 hp, and now have 9/31 hp.
Drink which item? (? for menu, Esc to quit)
You feel better. Ijyb screams, "Me kill you!"
Ijyb zaps a wand.
The bolt of lightning hits you!
Ouch! That really hurt!
You die...

#### #.# #<....# ### ...## #.#
#.....# ..# ....#####.#
######## # #.# #.........#
#... #.##.#
##........####.##### #....#
##.......##.......
.####..##### ##.......#.#.# .#
.............
###...#.....##.#..#####.######
##.##......@g..!......
#........####.#######
####.###.# #.......# #...
######### #####


You could see Ijyb.

Vanquished Creatures
  An adder (D:2)
  A giant gecko (D:1)
  4 bats
  5 goblins
  8 hobgoblins
  8 jackals
  3 kobolds
  5 rats
35 creatures vanquished.

Notes
Turn   | Place    | Note
--------------------------------------------------------------
     0 | D:1      | Geomchi the Ghoul Monk began the quest for the Orb.
     0 | D:1      | Reached XP level 1. HP: 19/19 MP: 0/0
   344 | D:1      | Reached XP level 2. HP: 19/24 MP: 1/1
   610 | D:1      | Reached skill level 5 in Unarmed Combat
  1424 | D:2      | Noticed Sigmund
  1458 | D:2      | Reached XP level 3. HP: 25/31 MP: 2/2
  2130 | D:3      | Noticed Ijyb
  2140 | D:3      | Killed from afar by Ijyb

Vault maps used:
D:1:      dpeg_arrival_chase, roderic_serpentine_path, minmay_misc_feat_room
D:2:      tgw_trog, lemuel_blue_sif_altar, uniq_sigmund
D:3:      portal_sewer_entry_d, st_stairs_8, nrook_mini_backslash,
          serial_bayou_lagoon_b, uniq_iyjb

Action                   || total
-------------------------++-------
Melee: Unarmed           ||   138
  Use: Potion            ||     2
  Eat: Chunk             ||     8
